 Dungeon Crawl Stone Soup version 0.27-a0-1347-gd8886f0a89 (webtiles) character file.

Game seed: 11232103840479874368

34 Brandom the Vexing (level 3, 0/25 HPs)
             Began as a Palentonga Wanderer on June 27, 2021.
             Was a Follower of Makhleb.
             Succumbed to an adder's poison
             ... on level 1 of the Dungeon.
             The game lasted 00:08:37 (1267 turns).

Brandom the Vexing (Palentonga Wanderer)            Turns: 1267, Time: 00:08:37

Health: 0/25       AC:  5    Str: 13    XL:     3   Next: 14%
Magic:  1/5        EV:  9    Int: 14    God:    Makhleb [*.....]
Gold:   22         SH:  0    Dex: 10    Spells: 4/5 levels left

rFire    . . .     SeeInvis +   a - +2 dagger
rCold    . . .     Faith    .   (no shield)
rNeg     . . .     Spirit   .   c - +0 robe
rPois    .         Reflect  .   (no helmet)
rElec    .         Harm     .   (no cloak)
rCorr    .         Rampage  .   k - +0 pair of gloves
Will     .....                  (no barding)
Stlth    +.........             (no amulet)
HPRegen  0.08/turn              (no ring)
MPRegen  0.09/turn              (no ring)

@: lethally poisoned (0 -> -6), flying
A: large, rugged brown scales 3, see invisible, deformed body, roll 1, armoured
tail
a: Rolling Charge, Renounce Religion


You were on level 1 of the Dungeon.
You worshipped Makhleb.
Makhleb was aware of your devotion.
You visited 1 branch of the dungeon, and saw 2 of its levels.

You collected 22 gold pieces.

Inventory:

Hand Weapons
 a - a +2 dagger (weapon)
Missiles
 b - 3 curare-tipped darts (quivered) {!f}
Armour
 c - a +0 robe (worn)
 i - a +0 scale mail
   (You took it off a goblin on level 1 of the Dungeon)
 k - a +0 pair of gloves (worn)
   (You found it on level 1 of the Dungeon)
Jewellery
 j - a +6 ring of strength
   (You took it off a goblin on level 1 of the Dungeon)
Scrolls
 d - a scroll of acquirement {unknown}
 e - a scroll of amnesia {unknown}
 g - a scroll of noise {unknown}
 h - 3 scrolls of identify {unknown}


   Skills:
 - Level 1.5 Crossbows
 - Level 1.0 Throwing
 + Level 1.5 Armour
 + Level 0.9 Dodging
 - Level 1.0 Shields
 + Level 1.6 Spellcasting
 + Level 4.2 Hexes


You had 4 spell levels left.
You knew the following spells:

 Your Spells              Type           Power      Damage    Failure   Level
a - Shock                 Conj/Air       4%         1d3       26%         1

Your spell library contained the following spells:

 Spells                   Type           Power      Damage    Failure   Level
 Slow                     Hex            13%        N/A       6%          2
 Confusing Touch          Hex            13%        N/A       13%         3
 Ensorcelled Hibernation  Hex/Ice        14%        N/A       16%         2
 Gell's Gravitas          Tloc           0%         N/A       58%         3
 Mephitic Cloud           Conj/Pois/Air  1%         N/A       58%         3
 Petrify                  Tmut/Erth      1%         N/A       94%         4
 Metabolic Englaciation   Hex/Ice        3%         N/A       96%         5
 Yara's Violent Unravell  Hex/Tmut       3%         3d4       96%         5


Dungeon Overview and Level Annotations

Branches:
Dungeon (2/15)

Altars:
Makhleb

Shops:
D:1 !


Innate Abilities, Weirdness & Mutations

You are completely covered in rugged brown scales. (AC +3, +7% HP)
You have supernaturally acute eyesight. (SInv)
Armour fits poorly on your strangely shaped body.
You can roll at nearby foes to attack.
You have a long armoured tail.


Message History

You feel sick.
You have reached level 3!
Your experience leads to an increase in your attributes!
Increase (S)trength, (I)ntelligence, or (D)exterity?
You feel clever.
You feel sick.
There is a stone staircase leading up here.
You feel sick. The adder closely misses you.
You climb upwards.
You feel sick.
You are no longer poisoned.
There is a stone staircase leading down here.
Okay, then.
Okay, then.
The adder barely misses you.
The zap hits the adder.
The adder bites you but does no damage.
You miss the adder. The adder closely misses you.
You don't have enough magic to cast this spell.
You hit the adder. The adder bites you but does no damage.
The adder closely misses you.
You hit the adder. The adder bites you but does no damage.
You hit the adder. The adder bites you but does no damage.
You barely miss the adder. The adder bites you.
You are poisoned.
The adder poisons you! The adder bites you but does no damage.
You hit the adder.
You feel sick. The adder bites you.
* * * LOW HITPOINT WARNING * * *
You are more poisoned.
The adder poisons you!
Unknown command.
You closely miss the adder.
* * * LOW HITPOINT WARNING * * *
You feel sick. The adder barely misses you.
You miss the adder.
* * * LOW HITPOINT WARNING * * *
You feel sick. The adder bites you but does no damage.
You completely miss the adder.
You feel sick. The adder barely misses you.
The adder bites you but does no damage.
Unknown command.
It was a potion of flight.
You feel very buoyant.
You fly up into the air.
You feel sick. The adder bites you.
* * * LOW HITPOINT WARNING * * *
You are lethally poisoned!
The adder poisons you!
You hit the adder.
* * * LOW HITPOINT WARNING * * *
You feel sick. The adder bites you.
* * * LOW HITPOINT WARNING * * *
You barely miss the adder.
You die...

##.#.## ########
##.###.######....... ####.##
##)......######
#.....###.######## #.. #######
#.####.#.## #.. ......#
#.......## #####.. #####.#
#.####>## #...... #.# #.# #S#
#.###.. ##.## #.# #@# #.# #..
##...## #.# #.##########.# #..
###.#.#.###.# #......).....# ###
............#########.....###
..###...............#.....#######
.#.##..#.##.####................#
.##.#...###.###..................
.....................(....#####.#
....#..####.###.......###.# #.#


You could see an adder.

Vanquished Creatures
  An adder (D:2)
  2 endoplasms (D:1)
  5 goblins (D:1)
  3 hobgoblins (D:1)
  3 kobolds (D:1)
  A ball python (D:1)
  A bat (D:1)
  3 frilled lizards (D:1)
  6 rats (D:1)
25 creatures vanquished.

Notes
Turn   | Place    | Note
-------+----------+-------------------------------------------
     0 | D:1      | Brandom the Palentonga Wanderer began the quest for the
                  | Orb.
     0 | D:1      | Brandom set off with the following items: a +2 dagger, 3
                  | curare-tipped darts {!f}, a +0 robe; and the following
                  | spell memorised: Shock; and the following spells available
                  | to memorise: Slow, Ensorcelled Hibernation, Mephitic Cloud
     0 | D:1      | Reached XP level 1. HP: 13/13 MP: 2/2
     4 | D:1      | Found Uridghuet's Distillery.
   249 | D:1      | Reached XP level 2. HP: 20/20 MP: 0/3
   719 | D:1      | Found a faded altar of an unknown god.
   726 | D:1      | Became a worshipper of Makhleb the Destroyer
   726 | D:1      | Reached * piety under Makhleb
  1250 | D:2      | Reached XP level 3. HP: 18/25 MP: 0/5
  1266 | D:1      | HP: 1/25 [adder (1)]
  1267 | D:1      | Succumbed to an adder's poison

Illustrated notes

Levels and vault maps discovered:
D:1:      saegor_arrival_miasma, layout_loops_ring,
          shapermc_ecumenical_altar_venn, serial_shops, shop
D:2:      layout_basic, basic_altar

Action                   || total
-------------------------++-------
Melee: Dagger            ||    49
       Tailslap          ||     5
 Cast: Shock             ||    31
 Abil: Rolling Charge    ||     1
  Use: Potion            ||     1
Armor: Robe              ||    15
       Scale mail        ||     2
Dodge: Dodged            ||    18

Table legend: (Time is in decaauts)
 A = Elapsed time spent in this place.
 B = Non-inter-level travel time spent in this place.
 C = Inter-level travel time spent in this place.
 D = Time resting spent in this place.
 E = Time spent auto-exploring this place.
 F = Levels seen in this place.
 G = Mean time per level.
                   A        B        C        D        E       F      G
               +--------+--------+--------+--------+--------+-----+--------+
         Total |   1267 |   1250 |     17 |      0 |   1065 |   2 |  633.5 |
       Dungeon |   1267 |   1250 |     17 |      0 |   1065 |   2 |  633.5 |
               +--------+--------+--------+--------+--------+-----+--------+

Top non-repeatable levels by time:
     D:1: 1255 daAuts
     D:2: 11 daAuts
